 Dungeon Crawl Stone Soup version 0.31.0-1-g2c135a0 (webtiles) character file.

Game seed: 387215788925917674

237 jagoly the Chopper (level 6, -7/38 HPs)
             Began as a Gargoyle Monk on Jan 27, 2024.
             Killed by divine providence
             ... invoked by an orc priest
              (16 damage)
             ... on level 6 of the Dungeon.
             The game lasted 00:07:33 (990 turns).

jagoly the Chopper (Gargoyle Monk)                   Turns: 990, Time: 00:07:33

Health: -7/38      AC: 14    Str: 22    XL:     6   Next: 6%
Magic:  6/6        EV: 10    Int: 11    God:
Gold:   175        SH:  5    Dex: 12    Spells: 5/5 levels left

rFire   + . .        a - +0 hand axe
rCold   + . .        d - orb {light}
rNeg    + . .        v - +2 scale mail {rC+}
rPois   ∞            (no helmet)
rElec   +            l - +0 cloak
rCorr   .            (no gloves)
SInv    .            (no boots)
Will    .....        x - amulet of reflection Stlth
                     f - ring of protection from fire
HPRegen 0.26/turn    h - +6 ring of strength
MPRegen 0.10/turn

%: reflection
@: glowing
A: sickness immunity, AC +4, negative energy resistance 1, electricity
resistance, torment resistance 1, petrification resistance
a: no special abilities


You were on level 6 of the Dungeon.
You visited 1 branch of the dungeon, and saw 6 of its levels.

You collected 175 gold pieces.

Inventory:

Hand Weapons
 a - a +0 hand axe (weapon)
 i - a +0 sling
Missiles
 p - 10 stones (quivered)
 y - 2 poisoned darts
Armour
 d - an orb of light (worn)
 l - a +0 cloak (worn)
 v - a +2 scale mail of cold resistance (worn)
Jewellery
 f - a ring of protection from fire (left hand)
 h - a +6 ring of strength (right hand)
 x - an amulet of reflection (around neck)
Wands
 s - a wand of flame (2)
Scrolls
 b - a scroll of teleportation {unknown}
 e - a scroll of revelation {unknown}
 g - 2 scrolls of identify {unknown}
 j - a scroll of blinking {unknown}
 m - a scroll of enchant weapon {unknown}
 o - 2 scrolls of poison {unknown}
 r - a scroll of butterflies {unknown}
 u - 2 scrolls of fog {unknown}
 w - a scroll of vulnerability {unknown}
Potions
 c - a potion of ambrosia
 k - a potion of attraction {unknown}
 n - a potion of cancellation {unknown}
 q - a potion of curing
 t - 2 potions of enlightenment {unknown}


   Skills:
 + Level 4.2 Fighting
 * Level 4.4 Axes
 + Level 2.5 Armour
 + Level 2.6 Dodging
 - Level 2.0 Stealth


You had 5 spell levels left.
You didn't know any spells.
Your spell library was empty.

Dungeon Overview and Level Annotations

Branches:
Dungeon (6/15) Zot: 26958
 Temple: D:4-7

Altars:

Annotations:
D:4 Eustachio


Innate Abilities, Weirdness & Mutations

You are immune to sickness and miasma.
Your stone body is resilient. (AC +4)
You are immune to poison.
You resist negative energy. (rN+)
You are resistant to electric shocks. (rElec)
You are resistant to unholy torment.
You are immune to petrification.


Message History

The adder bites you but does no damage. x2
You hit the adder.
You kill the adder!
Your Axes skill increases to level 4!
Your Armour skill increases to level 2!
No target in view!
Found a glowing scale mail.
You see here a +2 scale mail of cold resistance.
You start removing your armour.
You continue taking off your +0 ring mail. x2
HP restored.
You continue taking off your +0 ring mail. x2
You finish taking off your +0 ring mail.
You start putting on your armour.
You continue putting on your +2 scale mail of cold resistance. x5
You finish putting on your +2 scale mail of cold resistance.
You feel resistant to cold.
You drop a +0 robe.
You drop a +0 ring mail.
You drop a +0 scale mail.
A frilled lizard comes into view.
Found a stone staircase leading down.
The frilled lizard completely misses you.
You closely miss the frilled lizard.
The frilled lizard bites you but does no damage.
You hit the frilled lizard.
You kill the frilled lizard!
No target in view!
No target in view!
There is a stone staircase leading down here.
You climb downwards.
Level annotation: Eustachio
Found a scroll labelled CAWOXI KAECUU.
Found a stone staircase leading down.
There is a stone staircase leading up here.
A giant cockroach comes into view.
Found a long sword.
An adder comes into view.
The adder hisses angrily.
The giant cockroach completely misses you.
You see here a scroll labelled CAWOXI KAECUU.
b - a scroll labelled CAWOXI KAECUU The giant cockroach completely misses you.
You hit the giant cockroach.
You kill the giant cockroach!
The adder closely misses you.
You hit the adder.
The adder is lightly wounded.
The adder bites you but does no damage.
You hit the adder.
The adder is lightly wounded.
The adder closely misses you.
You hit the adder.
The adder is moderately wounded.
The adder bites you but does no damage. x2
You barely miss the adder.
The adder is moderately wounded.
The adder bites you but does no damage.
You completely miss the adder.
The adder is moderately wounded.
The adder bites you but does no damage. x2
You hit the adder but do no damage.
The adder is moderately wounded.
The adder bites you but does no damage.
You closely miss the adder.
The adder is lightly wounded.
The adder closely misses you. x2
You closely miss the adder.
The adder is lightly wounded.
The adder bites you but does no damage.
You hit the adder.
The adder is heavily wounded.
The adder misses you.
You hit the adder.
The adder is severely wounded.
The adder bites you but does no damage. The adder barely misses you.
You hit the adder.
The adder is almost dead.
The adder bites you.
You barely miss the adder.
The adder is almost dead.
The adder closely misses you. The adder bites you but does no damage.
You barely miss the adder.
The adder is almost dead.
The adder bites you but does no damage.
You hit the adder.
You kill the adder!
No target in view!
No target in view!
You see here a giant cockroach corpse.
Found a leather armour.
There is a stone staircase leading down here.
You climb downwards.
There is a stone staircase leading up here.
You climb upwards.
Level annotation: Eustachio
There is a stone staircase leading down here.
An orc comes into view. It is wielding a +0 club.
The orc shouts!
A ball python comes into view.
Found 6 gold pieces.
The ball python hisses angrily.
An adder comes into view.
The adder hisses angrily.
The orc hits you but does no damage.
The ball python bites you but does no damage.
The ball python grabs you. The ball python constricts you.
You barely miss the ball python. You hit the orc but do no damage.
The orc barely misses you. The ball python bites you.
The ball python constricts you.
You closely miss the ball python. You hit the orc.
The orc hits you with a +0 club.
The ball python bites you but does no damage.
The ball python constricts you. The orc hits you with a +0 club.
You slash the ball python!
You kill the ball python!
You hit the orc but do no damage. The adder barely misses you.
The orc barely misses you.
You hit the orc.
The orc is heavily wounded.
You hit the adder. The adder completely misses you.
The orc hits you but does no damage.
You hit the orc.
You kill the orc!
You hit the adder. The adder closely misses you.
A dart slug comes into view.
The adder bites you.
You hit the adder.
You kill the adder!
The dart slug launches a dart at you. The slug dart misses you.
Things that are here:
a +0 club; an orc corpse No target in view!
Unknown command.
Press: ? - help, v - describe, . - travel, g - get item
Items here: a +0 club; an orc corpse.
The floor.
This square is lit by a halo.
The dart slug launches a dart at you. The slug dart misses you.
You hit the dart slug.
The dart slug is lightly wounded.
The dart slug closely misses you.
You hit the dart slug.
The dart slug is heavily wounded.
The dart slug completely misses you.
You hit the dart slug.
You kill the dart slug!
No target in view!
No target in view!
You now have 76 gold pieces (gained 6).
Found a scroll labelled UFOMIU NIECSIDUO.
A hobgoblin comes into view.
The hobgoblin shouts!
Found a ring mail.
o - 2 scrolls labelled UFOMIU NIECSIDUO (gained 1)
There are no items here.
You barely miss the hobgoblin. The hobgoblin completely misses you.
The hobgoblin misses you.
You hit the hobgoblin but do no damage. The hobgoblin barely misses you.
You barely miss the hobgoblin. The hobgoblin completely misses you.
You barely miss the hobgoblin.
The hobgoblin hits you but does no damage.
You hit the hobgoblin.
The hobgoblin is heavily wounded.
The hobgoblin barely misses you.
You completely miss the hobgoblin.
The hobgoblin is heavily wounded.
The hobgoblin hits you but does no damage.
You hit the hobgoblin but do no damage.
The hobgoblin is heavily wounded.
The hobgoblin hits you but does no damage.
You hit the hobgoblin.
You kill the hobgoblin!
No target in view!
No target in view!
You see here a hobgoblin corpse.
h - a +6 ring of strength You feel stronger.
h - a +6 ring of strength (right hand)
p - 11 stones (gained 5)
Found 15 gold pieces.
t - 2 sedimented emerald potions (gained 1)
You now have 91 gold pieces (gained 15).
An endoplasm comes into view.
There is a stone staircase leading up here.
You climb upwards.
The adder barely misses you.
Found a brown potion and 11 gold pieces.
There is a stone staircase leading down here.
You barely miss the adder. The adder bites you but does no damage.
You completely miss the adder. The adder bites you.
The adder bites you but does no damage.
You slash the adder!
The adder is severely wounded.
The adder bites you but does no damage.
You closely miss the adder.
The adder is severely wounded.
The adder bites you but does no damage. x2
You closely miss the adder.
The adder is severely wounded.
The adder barely misses you.
You hit the adder.
The adder is almost dead.
The adder closely misses you.
You slash the adder!
You kill the adder!
No target in view!
Found a hand axe.
q - 2 brown potions (gained 1)
Found 13 gold pieces.
You now have 102 gold pieces (gained 11).
You now have 115 gold pieces (gained 13).
There is a stone staircase leading down here.
You climb downwards.
Level annotation: Eustachio The endoplasm hits you but does no damage.
There is a stone staircase leading up here.
You hit the endoplasm.
The endoplasm is moderately wounded.
The endoplasm freezes you.
You are frozen.
You resist.
You hit the endoplasm but do no damage.
The endoplasm is moderately wounded.
The endoplasm hits you but does no damage.
You slash the endoplasm!
You kill the endoplasm!
No target in view!
No target in view!
There is a stone staircase leading down here.
You climb downwards.
The orc shouts!
The orc priest shouts!
The orc shouts! x2
Found a silvery potion.
There is a stone staircase leading up here.
Cleave: a) +0 hand axe
Press: ? - help, Dir - move target, f - orc priest
Aim: an orc priest, wielding a +0 club (haloed, about 20% to evade your +0 hand axe)
You barely miss the orc priest.
The orc priest mumbles some strange prayers to Beogh against you.
Pain shoots through your body!
Cleave: a) +0 hand axe
Press: ? - help, Dir - move target, f/p - orc priest
Aim: an orc priest, wielding a +0 club (haloed, about 20% to evade your +0 hand axe)
You slash the orc priest!
The orc priest is severely wounded.
The orc priest invokes the aid of Beogh against you.
Pain shoots through your body!
Cleave: a) +0 hand axe
Press: ? - help, Dir - move target, f/p - orc priest
Aim: an orc priest, wielding a +0 club (severely wounded, haloed, about 20% to evade your +0 hand axe)
You hit the orc priest.
The orc priest is almost dead.
You hit the orc. The orc hits you but does no damage.
The orc priest casts a cantrip, but nothing happens.
The orc hits you but does no damage. The orc priest barely misses you.
The orc hits you with a +0 flail.
Cleave: a) +0 hand axe
Press: ? - help, Dir - move target, f/p - orc priest
Aim: an orc priest, wielding a +0 club (almost dead, haloed, about 20% to evade your +0 hand axe)
You hit the orc priest but do no damage.
The orc priest is almost dead.
You hit the orc.
You kill the orc!
You hit the orc. You slash the orc!
You kill the orc!
The orc priest misses you. The orc barely misses you.
Cleave: a) +0 hand axe
Press: ? - help, Dir - move target, f/p - orc priest
Aim: an orc priest, wielding a +0 club (almost dead, haloed, about 20% to evade your +0 hand axe)
You hit the orc priest but do no damage.
The orc priest is almost dead.
You barely miss the orc. The orc priest barely misses you.
The orc barely misses you.
Cleave: a) +0 hand axe
Press: ? - help, Dir - move target, f/p - orc priest
Aim: an orc priest, wielding a +0 club (almost dead, haloed, about 20% to evade your +0 hand axe)
You hit the orc priest but do no damage.
The orc priest is almost dead.
You barely miss the orc.
The orc priest begins to cast a cantrip, but forgets the words!
The orc hits you with a +0 short sword.
Cleave: a) +0 hand axe
Press: ? - help, Dir - move target, f/p - orc priest
Aim: an orc priest, wielding a +0 club (almost dead, haloed, about 20% to evade your +0 hand axe)
You hit the orc priest.
You kill the orc priest!
You hit the orc.
You kill the orc!
Press: ? - help, v - describe, . - travel, g - get item Item here: a silvery potion.
The floor.
Found 14 gold pieces.
Things that are here:
a +0 flail; a +0 leather armour; an orc corpse
n - a silvery potion You now have 129 gold pieces (gained 14).
Found a scroll labelled ONE HILIBO.
A quokka comes into view.
You see here a scroll labelled ONE HILIBO.
w - a scroll labelled ONE HILIBO You barely miss the quokka.
The quokka barely misses you.
The quokka bites you but does no damage.
You hit the quokka.
The quokka is moderately wounded.
The quokka closely misses you.
You closely miss the quokka.
The quokka is moderately wounded.
The quokka completely misses you.
You hit the quokka.
The quokka is severely wounded.
The quokka bites you but does no damage. x2
You hit the quokka.
You kill the quokka!
No target in view!
No target in view!
No target in view!
No target in view!
No target in view!
Found 13 gold pieces.
You now have 142 gold pieces (gained 13).
Found a brown potion.
Found a stone staircase leading up.
q - 3 brown potions (gained 1)
There is a stone staircase leading up here.
You climb upwards.
Level annotation: Eustachio
Found a runed jade amulet.
There is a stone staircase leading down here.
Found a quarterstaff.
x - an amulet of reflection You start putting on your amulet.
You continue putting on your amulet of reflection.
The ball python hisses angrily.
You hear a shout!
You continue putting on your amulet of reflection. x2
Eustachio mumbles some strange words.
You continue putting on your amulet of reflection. x2
You finish putting on your amulet of reflection.
You feel a shielding aura gather around you.
x - an amulet of reflection (around neck)
The iron imp puffs mist at you.
The ball python attacks as it pursues you!
The ball python closely misses you. The ball python barely misses you.
The ball python attacks as it pursues you!
The ball python barely misses you. The ball python grabs you.
The ball python constricts you.
You escape the ball python's grasp.
Eustachio mumbles some strange words.
The ball python attacks as it pursues you!
The ball python bites you but does no damage.
The ball python grabs you. The ball python constricts you.
There is a stone staircase leading down here.
You hit the ball python.
The ball python is severely wounded.
The ball python barely misses you. The ball python constricts you.
The ball python closely misses you. The ball python constricts you.
You slash the ball python!
You kill the ball python!
You climb downwards.
There is a stone staircase leading up here.
A hound comes into view.
Found a scroll labelled USELES RUBBURY and 17 gold pieces.
Found a stone staircase leading down.
The hound barks!
Found 24 gold pieces.
The hound pauses to sniff the ground.
The hound misses you.
You barely miss the hound. The hound bites you.
You hit the hound.
The hound is moderately wounded.
The hound bites you but does no damage. The hound closely misses you.
You closely miss the hound.
The hound is moderately wounded.
The hound bites you but does no damage.
You closely miss the hound.
The hound is moderately wounded.
The hound bites you but does no damage. x2
You slash the hound!
The hound is severely wounded.
The hound barely misses you.
You hit the hound.
The hound is almost dead.
The hound bites you but does no damage. The hound bites you.
You hit the hound but do no damage.
The hound is almost dead.
The hound bites you but does no damage. The hound closely misses you.
You hit the hound.
You kill the hound!
You have reached level 6!
g - 2 scrolls labelled USELES RUBBURY (gained 1)
You now have 159 gold pieces (gained 17).
There is a stone staircase leading down here.
You now have 175 gold pieces (gained 16).
There is a stone staircase leading down here.
You climb downwards.
Found 2 poisoned darts.
There is a stone staircase leading up here.
You see here 2 poisoned darts.
y - 2 poisoned darts An orc wizard and an orc come into view.
Found a silvery potion.
The orc wizard shouts!
An orc comes into view. It is wielding a +0 whip.
There are monsters nearby!
The orc shouts!
You hit the orc.
The orc is severely wounded.
The orc barely misses you.
An orc priest comes into view. It is wielding a +0 club.
The orc priest shouts!
You hit the orc but do no damage.
The orc is severely wounded.
You hear a shout!
The orc hits you but does no damage.
You hit the orc but do no damage.
The orc is severely wounded.
The orc closely misses you.
The orc wizard casts a spell.
The orc wizard flickers and vanishes for a moment.
You hit the orc but do no damage.
The orc is severely wounded.
The orc misses you.
You hit the orc but do no damage.
The orc is severely wounded.
The orc hits you but does no damage.
You hit the orc but do no damage.
The orc is severely wounded.
The orc hits you with a +0 whip.
The orc priest invokes the aid of Beogh against you.
Beogh smites you! The orc attacks as it pursues you!
The orc completely misses you.
Throw: 11 stones
Press: ? - help, Q - select action, (/) - cycle Shift-Dir - straight line, f - orc
Aim: an orc, wielding a +0 whip (haloed, 76% to hit)
You throw a stone. The stone hits the orc.
The orc is lightly wounded.
You hit the orc.
The orc is heavily wounded.
The orc misses you.
You hit the orc but do no damage.
The orc is heavily wounded.
The orc hits you with a +0 whip.
Cleave: a) +0 hand axe
Press: ? - help, Dir - move target, f/p - orc
Aim: an orc, wielding a +0 whip (heavily wounded, haloed, about 20% to evade your +0 hand axe)
You slash the orc!
You kill the orc!
Cleave: a) +0 hand axe
Press: ? - help, Dir - move target, f - orc priest
Aim: an orc priest, wielding a +0 club and wearing a +0 scale mail (haloed, about 17% to evade your +0 hand axe)
You slash the orc priest!
The orc priest is heavily wounded.
The orc priest invokes the aid of Beogh against you.
Beogh smites you!
* * * LOW HITPOINT WARNING * * *
Cleave: a) +0 hand axe
Press: ? - help, Dir - move target, f/p - orc priest
Aim: an orc priest, wielding a +0 club and wearing a +0 scale mail (heavily wounded, haloed, about 17% to evade your +0 hand axe)
You hit the orc priest but do no damage.
The orc priest is heavily wounded.
The orc priest barely misses you.
Cleave: a) +0 hand axe
Press: ? - help, Dir - move target, f/p - orc priest
Aim: an orc priest, wielding a +0 club and wearing a +0 scale mail (heavily wounded, haloed, about 17% to evade your +0 hand axe)
You hit the orc priest.
The orc priest is severely wounded.
The orc priest hits you but does no damage. x2
Cleave: a) +0 hand axe
Press: ? - help, Dir - move target, f/p - orc priest
Aim: an orc priest, wielding a +0 club and wearing a +0 scale mail (heavily wounded, haloed, about 17% to evade your +0 hand axe)
You hit the orc priest but do no damage.
The orc priest is heavily wounded.
The orc priest calls upon Beogh to heal the orc.
The orc's wounds heal themselves!
You hear a shout!
Cleave: a) +0 hand axe
Press: ? - help, Dir - move target, f/p - orc priest
Aim: an orc priest, wielding a +0 club and wearing a +0 scale mail (heavily wounded, haloed, about 17% to evade your +0 hand axe)
You hit the orc priest but do no damage.
The orc priest is heavily wounded.
You hear a loud, deep croak!
The orc priest invokes the aid of Beogh against you.
Beogh smites you!
* * * LOW HITPOINT WARNING * * *
It was a potion of curing.
You feel better. The orc priest hits you with a +0 club.
* * * LOW HITPOINT WARNING * * *
You feel better. The orc priest hits you with a +0 club.
* * * LOW HITPOINT WARNING * * *
Cleave: a) +0 hand axe
Press: ? - help, Dir - move target, f/p - orc priest
Aim: an orc priest, wielding a +0 club and wearing a +0 scale mail (heavily wounded, haloed, about 17% to evade your +0 hand axe)
You hit the orc priest.
The orc priest is severely wounded.
The orc priest hits you with a +0 club.
* * * LOW HITPOINT WARNING * * *
Cleave: a) +0 hand axe
Press: ? - help, Dir - move target, f/p - orc priest
Aim: an orc priest, wielding a +0 club and wearing a +0 scale mail (severely wounded, haloed, about 17% to evade your +0 hand axe)
You hit the orc priest.
The orc priest is almost dead.
The orc priest calls down the wrath of Beogh upon you.
Beogh smites you!
You die...

#.# #.# #.# #
#.#.##### ####
#.###.#...... # .~b
#{ooo........
###############.######
..........#####o#####
##..#.##.....@oo....#
##.......######.#
#.##.##### #. #<# #
#.# #.# #.# #.# #.#


You could see an orc priest, an orc wizard (invisible) and an orc.

Vanquished Creatures
  A hound (D:5)
  2 orc priests
  An iguana (D:3)
  Terence (D:2)
  5 adders
  2 dart slugs
  5 orcs
  5 ball pythons
  5 endoplasms
  A giant cockroach (D:4)
  2 goblins (D:1)
  6 hobgoblins
  3 jackals (D:3)
  6 kobolds
  2 quokkas
  A bat (D:1)
  A frilled lizard (D:3)
  A rat (D:3)
50 creatures vanquished.

Notes
Turn   | Place    | Note
-------+----------+-------------------------------------------
     0 | D:1      | jagoly the Gargoyle Monk began the quest for the Orb.
     0 | D:1      | Reached XP level 1. HP: 14/14 MP: 1/1
   100 | D:1      | Reached XP level 2. HP: 19/19 MP: 2/2
   176 | D:2      | Noticed Terence
   202 | D:2      | Killed Terence
   203 | D:2      | Reached skill level 1 in Armour
   203 | D:2      | Reached skill level 1 in Stealth
   203 | D:2      | Reached XP level 3. HP: 14/23 MP: 3/3
   355 | D:3      | Reached XP level 4. HP: 13/29 MP: 4/4
   370 | D:4      | Noticed Eustachio
   444 | D:2      | Reached XP level 5. HP: 32/33 MP: 5/5
   628 | D:5      | Entered Level 5 of the Dungeon
   941 | D:5      | Reached XP level 6. HP: 37/38 MP: 6/6
   990 | D:6      | Killed from afar by an orc priest

Illustrated notes

Levels and vault maps discovered:
D:1:      dpeg_arrival_ratfight, layout_loops_ring, minmay_misc_feat_pillars,
          reono_crystal_passage
D:2:      layout_basic, uniq_crazy_yiuf_cottage, uniq_terence
D:3:      layout_basic, lemuel_crystal_altar
D:4:      layout_cave_pools, lemuel_blue_sif_altar, minmay_between,
          uniq_eustachio
D:5:      layout_basic, serial_shops, shop, serial_bayou, serial_bayou_pond_e,
          serial_bayou_crossing, serial_bayou_shore_b, serial_bayou_lagoon_a,
          amcnicky_mini_rare_corridor_liquid
D:6:      layout_loops_ring, general_overflow_altar, serial_aquarium,
          aquarium_bridge_square [aquarium_subvault_wall,
          aquarium_subvault_bridge, aquarium_subvault_wall,
          aquarium_subvault_wall], aquarium_bridge_square
          [aquarium_subvault_bridge, aquarium_subvault_wall,
          aquarium_subvault_wall, aquarium_subvault_wall], aquarium_window_3,
          aquarium_window_2, aquarium_window_1, aquarium_window_2,
          aquarium_view_2b, minmay_hollow_rounded_squares, uniq_prince_ribbit1,
          uniq_sigmund, uniq_duvessa

Skill      XL: |  1  2  3  4  5 |
---------------+----------------+-----
Axes           | 3 4 |  4.4
Armour         | 1 2 |  2.5
Stealth        | 1 2 |  2.0
Fighting       | 4 |  4.2
Dodging        | |  2.6

Action                     |  1- 3 |  4- 6 || total
---------------------------+-------+-------++-------
  Melee: Hand axe          |    58 |   122 ||   180
  Throw: Stone             |       |     1 ||     1
    Use: Potion            |       |     2 ||     2
 Armour: Ring mail         |    23 |    25 ||    48
         Robe              |     3 |       ||     3
         Scale mail        |       |    57 ||    57
  Dodge: Dodged            |    38 |    68 ||   106
